[ AOE2 MATCH · #472183527 ]
Team RMBohemians vs Armenians
[ REPLAY ANALYSIS · EXTRACTED FROM THE RECORDED GAME ]
Feudal
13:39
Castle
24:22
Imperial
—
| APM avg | 6.0 |
| APM peak | 34 |
| eAPM avg | 4.3 |
| Villagers / military | 114 / 12 |
Focus
⚔️ 21.7% · 🌾 78.3%
Fishing Ship ×31 · Galley ×6 · Fire Galley ×6
Feudal
14:41
Castle
19:26
Imperial
49:14
| APM avg | 22.3 |
| APM peak | 55 |
| eAPM avg | 13.6 |
| Villagers / military | 129 / 409 |
Focus
⚔️ 51.4% · 🌾 48.6%
Eagle Scout ×144 · Skirmisher ×110 · Archer ×51 · Plumed Archer ×37 · Battering Ram ×24 · Fire Galley ×13
Feudal
17:22
Castle
28:30
Imperial
49:45
| APM avg | 17.0 |
| APM peak | 59 |
| eAPM avg | 11.2 |
| Villagers / military | 123 / 390 |
Focus
⚔️ 60.7% · 🌾 39.3%
Militia ×109 · Composite Bowman ×74 · Skirmisher ×71 · Battering Ram ×32 · Warrior Priest ×31 · Spearman ×24
Feudal
14:11
Castle
19:14
Imperial
—
| APM avg | 9.0 |
| APM peak | 81 |
| eAPM avg | 5.0 |
| Villagers / military | 93 / 24 |
Focus
⚔️ 18.1% · 🌾 81.9%
Fishing Ship ×17 · Mangonel ×11 · Woad Raider ×5 · Spearman ×4 · Knight ×3 · Unknown (2626) ×2
Match map
Initial resources + every placement click. Lines = walls · curves = elevation contours. ◆ gold · ⬟ stone · ● berries · ✦ relic · ◌ wall gap
Inputs per minute
— [M] Nico - - Felipe Javier
Build order — [M] Nico
First 150 of 241 actions detected
| 0:48 | Build | Town Center |
| 1:19 | Build | Dock |
| 2:13 | Build | Palisade Wall |
| 2:18 | Build | Palisade Wall |
| 2:30 | Build | House |
| 2:58 | Create | Villager (Male) |
| 2:58 | Create | Villager (Male) |
| 2:58 | Create | Villager (Male) |
| 2:59 | Create | Villager (Male) |
| 4:18 | Create | Villager (Male) |
| 4:33 | Create | Fishing Ship |
| 5:18 | Create | Villager (Male) |
| 5:21 | Create | Fishing Ship |
| 5:36 | Research | Loom |
| 5:40 | Build | House |
| 6:08 | Create | Villager (Male) |
| 6:17 | Build | House |
| 6:35 | Create | Fishing Ship |
| 6:36 | Create | Villager (Male) |
| 7:20 | Create | Villager (Male) |
| 7:20 | Create | Villager (Male) |
| 7:25 | Create | Fishing Ship |
| 7:51 | Create | Villager (Male) |
| 7:51 | Create | Villager (Male) |
| 8:03 | Create | Fishing Ship |
| 8:04 | Create | Villager (Male) |
| 8:10 | Build | House |
| 8:54 | Create | Villager (Male) |
| 8:56 | Create | Fishing Ship |
| 9:15 | Create | Villager (Male) |
| 9:18 | Create | Fishing Ship |
| 9:30 | Create | Villager (Male) |
| 10:42 | Build | Lumber Camp |
| 10:48 | Create | Villager (Male) |
| 11:19 | Build | Dock |
| 11:25 | Build | Dock |
| 11:29 | Research | Feudal Age |
| 12:10 | Create | Fishing Ship |
| 12:22 | Build | Mining Camp |
| 12:45 | Build | House |
| 13:19 | Create | Villager (Male) |
| 13:39 | Age | Feudal Age |
| 13:41 | Create | Galley |
| 13:42 | Create | Galley |
| 14:17 | Create | Galley |
| 14:17 | Create | Galley |
| 14:18 | Create | Villager (Male) |
| 14:41 | Build | House |
| 14:56 | Create | Villager (Male) |
| 15:23 | Create | Galley |
| 15:23 | Create | Galley |
| 15:24 | Create | Villager (Male) |
| 15:30 | Build | Dock |
| 15:57 | Build | House |
| 16:19 | Build | House |
| 16:28 | Create | Villager (Male) |
| 16:35 | Research | Wheelbarrow |
| 16:44 | Create | Fishing Ship |
| 16:44 | Create | Fishing Ship |
| 17:32 | Build | House |
| 17:45 | Build | House |
| 17:48 | Create | Fishing Ship |
| 17:49 | Create | Fishing Ship |
| 17:55 | Create | Fishing Ship |
| 18:15 | Build | House |
| 18:32 | Build | House |
| 18:51 | Build | Mill |
| 18:59 | Create | Villager (Male) |
| 19:02 | Build | House |
| 19:04 | Create | Fishing Ship |
| 19:04 | Create | Fishing Ship |
| 19:04 | Create | Fishing Ship |
| 19:04 | Create | Fishing Ship |
| 19:09 | Create | Villager (Male) |
| 19:41 | Build | House |
| 19:44 | Create | Fishing Ship |
| 20:11 | Build | Blacksmith |
| 20:17 | Build | Market |
| 20:23 | Build | House |
| 20:27 | Create | Fishing Ship |
| 20:27 | Create | Fishing Ship |
| 21:11 | Build | House |
| 21:35 | Build | House |
| 21:42 | Research | Castle Age |
| 21:46 | Build | House |
| 22:29 | Research | Double-Bit Axe |
| 22:38 | Build | House |
| 23:11 | Build | House |
| 23:17 | Research | Fletching |
| 23:19 | Build | House |
| 23:24 | Build | Lumber Camp |
| 24:22 | Age | Castle Age |
| 24:26 | Build | Town Center |
| 24:33 | Build | Town Center |
| 24:43 | Build | House |
| 25:46 | Create | Villager (Male) |
| 25:47 | Create | Villager (Male) |
| 25:47 | Create | Villager (Male) |
| 26:01 | Create | Villager (Male) |
| 26:02 | Create | Villager (Male) |
| 26:02 | Create | Villager (Male) |
| 26:02 | Create | Villager (Male) |
| 26:03 | Create | Villager (Male) |
| 26:12 | Build | House |
| 26:22 | Create | Villager (Male) |
| 26:22 | Create | Villager (Male) |
| 26:39 | Create | Villager (Male) |
| 26:39 | Create | Villager (Male) |
| 26:40 | Create | Villager (Male) |
| 26:40 | Create | Villager (Male) |
| 26:47 | Build | Dock |
| 26:50 | Build | House |
| 26:53 | Create | Villager (Male) |
| 27:16 | Research | Bodkin Arrow |
| 27:34 | Create | Villager (Male) |
| 27:35 | Create | Villager (Male) |
| 27:35 | Create | Villager (Male) |
| 27:57 | Create | Villager (Male) |
| 27:57 | Create | Villager (Male) |
| 27:57 | Create | Villager (Male) |
| 28:08 | Build | University |
| 28:12 | Create | Villager (Male) |
| 28:12 | Create | Villager (Male) |
| 28:12 | Create | Villager (Male) |
| 28:13 | Create | Villager (Male) |
| 28:17 | Build | House |
| 28:21 | Create | Fishing Ship |
| 28:27 | Create | Villager (Male) |
| 28:27 | Create | Villager (Male) |
| 28:27 | Create | Villager (Male) |
| 28:30 | Build | House |
| 28:36 | Create | Villager (Male) |
| 28:37 | Create | Villager (Male) |
| 28:43 | Create | Villager (Male) |
| 28:51 | Create | Villager (Male) |
| 28:51 | Create | Villager (Male) |
| 28:52 | Create | Villager (Male) |
| 29:08 | Create | Fishing Ship |
| 29:10 | Create | Villager (Male) |
| 29:26 | Create | Villager (Male) |
| 29:40 | Build | Dock |
| 29:43 | Create | Villager (Male) |
| 29:47 | Research | Tech 906 |
| 30:11 | Research | War Galley (upgrade) |
| 30:13 | Create | Fire Galley ×5 |
| 30:23 | Create | Villager (Male) |
| 30:23 | Create | Villager (Male) |
| 30:23 | Create | Villager (Male) |
| 30:24 | Create | Villager (Male) |
| 30:24 | Create | Villager (Male) |
Build order — Felipe Javier
First 150 of 803 actions detected
| 0:41 | Build | Dock |
| 1:24 | Build | House |
| 1:50 | Build | Town Center |
| 3:42 | Create | Villager (Male) |
| 3:42 | Create | Villager (Male) |
| 3:42 | Create | Villager (Male) |
| 4:42 | Create | Villager (Male) |
| 5:07 | Build | House |
| 5:10 | Create | Villager (Male) |
| 5:47 | Create | Villager (Male) |
| 6:15 | Create | Villager (Male) |
| 6:15 | Create | Villager (Male) |
| 6:15 | Create | Villager (Male) |
| 6:55 | Create | Villager (Male) |
| 6:59 | Create | Fishing Ship |
| 7:33 | Build | House |
| 7:38 | Create | Villager (Male) |
| 7:39 | Create | Villager (Male) |
| 7:39 | Create | Villager (Male) |
| 8:08 | Build | House |
| 8:13 | Create | Fishing Ship |
| 8:26 | Create | Villager (Male) |
| 8:27 | Create | Villager (Male) |
| 8:27 | Create | Villager (Male) |
| 8:38 | Build | House |
| 9:03 | Create | Villager (Male) |
| 9:03 | Create | Villager (Male) |
| 9:08 | Build | House |
| 9:24 | Create | Fishing Ship |
| 10:05 | Research | Loom |
| 10:08 | Create | Fishing Ship |
| 10:43 | Build | Mill |
| 10:57 | Create | Villager (Male) |
| 11:12 | Create | Villager (Male) |
| 12:06 | Create | Villager (Male) |
| 12:23 | Research | Feudal Age |
| 12:35 | Build | Barracks |
| 13:12 | Build | Lumber Camp |
| 13:56 | Create | Fishing Ship |
| 14:41 | Age | Feudal Age |
| 14:43 | Build | Mining Camp |
| 14:46 | Research | Double-Bit Axe |
| 14:51 | Create | Villager (Male) |
| 14:52 | Create | Villager (Male) |
| 15:07 | Build | Archery Range |
| 15:57 | Create | Villager (Male) |
| 15:57 | Create | Villager (Male) |
| 16:04 | Build | Blacksmith |
| 16:46 | Research | Castle Age |
| 17:06 | Create | Archer |
| 17:06 | Create | Archer |
| 17:13 | Build | House |
| 17:15 | Build | House |
| 17:16 | Build | House |
| 17:19 | Create | Eagle Scout |
| 17:34 | Research | Tech 906 |
| 17:49 | Research | Gold Mining |
| 18:01 | Create | Archer |
| 18:19 | Build | Archery Range |
| 18:31 | Create | Eagle Scout |
| 18:45 | Build | House |
| 18:51 | Build | Palisade Wall |
| 19:26 | Age | Castle Age |
| 19:31 | Build | Town Center |
| 19:35 | Research | Crossbowman (upgrade) |
| 19:39 | Research | Wheelbarrow |
| 19:51 | Create | Archer |
| 19:52 | Create | Archer |
| 19:59 | Build | Palisade Wall |
| 20:18 | Create | Archer |
| 20:18 | Create | Archer |
| 20:18 | Create | Archer |
| 20:19 | Create | Archer |
| 20:19 | Create | Archer |
| 20:19 | Create | Archer |
| 20:19 | Create | Archer |
| 20:26 | Research | Fletching |
| 20:51 | Create | Archer |
| 20:51 | Create | Archer |
| 20:59 | Create | Villager (Male) |
| 21:00 | Create | Villager (Male) |
| 21:08 | Build | House |
| 21:09 | Build | House |
| 21:11 | Build | House |
| 22:03 | Build | Siege Workshop |
| 22:12 | Create | Villager (Male) |
| 22:12 | Create | Villager (Male) |
| 22:27 | Create | Villager (Male) |
| 22:27 | Create | Villager (Male) |
| 22:33 | Create | Fishing Ship |
| 22:33 | Create | Fishing Ship |
| 22:50 | Create | Battering Ram |
| 22:51 | Create | Battering Ram |
| 23:22 | Create | Eagle Scout |
| 23:22 | Create | Eagle Scout |
| 23:34 | Create | Battering Ram |
| 23:47 | Build | Palisade Wall |
| 23:53 | Research | War Galley (upgrade) |
| 23:58 | Build | Dock |
| 24:40 | Research | Bodkin Arrow |
| 24:47 | Create | Archer |
| 24:48 | Create | Archer |
| 24:48 | Create | Archer |
| 25:23 | Create | Battering Ram |
| 25:42 | Create | Fire Galley |
| 25:42 | Create | Fire Galley |
| 25:42 | Create | Fire Galley |
| 25:42 | Create | Fire Galley |
| 25:42 | Create | Fire Galley |
| 25:43 | Create | Fire Galley |
| 26:04 | Create | Battering Ram |
| 26:56 | Research | Hand Cart |
| 27:21 | Create | Battering Ram |
| 27:22 | Create | Battering Ram |
| 27:54 | Create | Eagle Scout |
| 27:55 | Create | Spearman |
| 28:46 | Create | Archer |
| 28:46 | Create | Archer |
| 28:47 | Create | Archer |
| 28:47 | Create | Archer |
| 28:47 | Create | Archer |
| 28:48 | Create | Archer |
| 28:48 | Create | Archer |
| 28:48 | Create | Archer |
| 28:48 | Create | Archer |
| 29:03 | Research | Padded Archer Armor |
| 29:05 | Research | Forging |
| 29:10 | Create | Archer |
| 29:11 | Create | Archer |
| 29:11 | Create | Archer |
| 29:11 | Create | Archer |
| 29:11 | Create | Archer |
| 29:52 | Build | Monastery |
| 29:55 | Create | Battering Ram |
| 29:56 | Create | Battering Ram |
| 30:34 | Create | Monk |
| 31:03 | Build | Mining Camp |
| 31:19 | Create | Villager (Male) |
| 31:19 | Create | Villager (Male) |
| 31:19 | Create | Villager (Male) |
| 31:19 | Create | Villager (Male) |
| 31:19 | Create | Villager (Male) |
| 31:24 | Build | House |
| 31:25 | Build | House |
| 31:26 | Build | House |
| 34:07 | Create | Archer |
| 34:07 | Create | Archer |
| 34:08 | Create | Archer |
| 34:08 | Create | Archer |
| 34:08 | Create | Archer |
Build order — avnemintuk
First 150 of 751 actions detected
| 2:29 | Build | Town Center |
| 3:49 | Build | House |
| 3:51 | Build | House |
| 4:47 | Create | Villager (Male) |
| 4:47 | Create | Villager (Male) |
| 4:48 | Create | Villager (Male) |
| 4:48 | Create | Villager (Male) |
| 4:48 | Create | Villager (Male) |
| 6:09 | Create | Villager (Male) |
| 6:17 | Build | Mule Cart |
| 6:47 | Create | Villager (Male) |
| 6:47 | Create | Villager (Male) |
| 7:14 | Create | Villager (Male) |
| 7:15 | Create | Villager (Male) |
| 7:37 | Build | House |
| 7:44 | Build | Palisade Wall |
| 7:50 | Build | Palisade Wall |
| 8:02 | Build | Building 800 |
| 8:06 | Create | Villager (Male) |
| 8:07 | Create | Villager (Male) |
| 8:07 | Create | Villager (Male) |
| 8:23 | Create | Villager (Male) |
| 9:10 | Create | Villager (Male) |
| 9:27 | Create | Villager (Male) |
| 9:47 | Build | Mill |
| 9:51 | Create | Villager (Male) |
| 10:08 | Build | House |
| 10:28 | Create | Villager (Male) |
| 10:41 | Research | Loom |
| 10:52 | Create | Villager (Male) |
| 11:01 | Create | Villager (Male) |
| 11:01 | Create | Villager (Male) |
| 11:16 | Create | Villager (Male) |
| 12:01 | Build | Dock |
| 12:23 | Build | Outpost |
| 12:32 | Create | Villager (Male) |
| 12:44 | Create | Villager (Male) |
| 12:58 | Create | Villager (Male) |
| 12:58 | Create | Villager (Male) |
| 13:02 | Create | Fishing Ship |
| 13:02 | Create | Fishing Ship |
| 13:19 | Build | House |
| 13:20 | Build | House |
| 13:24 | Create | Villager (Male) |
| 13:54 | Create | Villager (Male) |
| 14:10 | Create | Fishing Ship |
| 14:39 | Research | Feudal Age |
| 14:49 | Build | Mule Cart |
| 16:15 | Build | Barracks |
| 16:39 | Create | Villager (Male) |
| 16:39 | Create | Villager (Male) |
| 17:05 | Create | Villager (Male) |
| 17:06 | Create | Villager (Male) |
| 17:22 | Age | Feudal Age |
| 17:36 | Research | Double-Bit Axe |
| 17:45 | Create | Villager (Male) |
| 17:54 | Build | Blacksmith |
| 18:01 | Create | Militia |
| 18:01 | Create | Militia |
| 18:02 | Create | Militia |
| 18:02 | Create | Militia |
| 18:04 | Create | Militia |
| 18:04 | Create | Militia |
| 18:05 | Create | Militia |
| 18:06 | Create | Militia |
| 18:07 | Create | Militia |
| 18:28 | Create | Fire Galley |
| 18:53 | Build | House |
| 18:54 | Build | House |
| 18:57 | Build | House |
| 19:12 | Build | Mule Cart |
| 19:37 | Create | Militia |
| 19:45 | Create | Militia |
| 19:46 | Research | Man-at-Arms (upgrade) |
| 20:12 | Build | Watch Tower |
| 20:20 | Research | Fletching |
| 20:45 | Research | Horse Collar |
| 20:55 | Build | Farm |
| 20:55 | Build | Farm |
| 20:55 | Build | Farm |
| 20:55 | Build | Farm |
| 20:55 | Build | Farm |
| 20:56 | Build | Farm |
| 20:56 | Build | Farm |
| 21:48 | Build | Archery Range |
| 22:13 | Build | Farm |
| 22:15 | Build | Farm |
| 23:06 | Research | Scale Mail Armor |
| 23:08 | Research | Fletching |
| 23:11 | Build | Farm |
| 23:22 | Create | Villager (Male) |
| 23:22 | Create | Villager (Male) |
| 23:59 | Build | Farm |
| 23:59 | Build | Farm |
| 23:59 | Build | Farm |
| 24:00 | Build | Farm |
| 25:35 | Build | Market |
| 25:50 | Research | Castle Age |
| 26:08 | Create | Galley |
| 26:09 | Create | Galley |
| 26:10 | Create | Galley |
| 26:10 | Create | Galley |
| 26:11 | Create | Galley |
| 26:24 | Build | House |
| 26:26 | Build | House |
| 27:08 | Research | Gold Mining |
| 27:10 | Research | Stone Mining |
| 27:57 | Research | Long Swordsman (upgrade) |
| 28:04 | Research | Forging |
| 28:30 | Age | Castle Age |
| 28:35 | Research | Squires |
| 29:11 | Create | Villager (Male) |
| 29:11 | Create | Villager (Male) |
| 29:11 | Create | Villager (Male) |
| 29:15 | Build | Farm |
| 29:31 | Create | Villager (Male) |
| 29:31 | Create | Villager (Male) |
| 29:40 | Build | Town Center |
| 29:45 | Build | Monastery |
| 30:50 | Create | Fishing Ship |
| 30:51 | Create | Fishing Ship |
| 30:51 | Create | Fishing Ship |
| 30:51 | Create | Fishing Ship |
| 31:09 | Research | Arson |
| 31:25 | Research | Chain Mail Armor |
| 31:53 | Create | Villager (Male) |
| 31:53 | Create | Villager (Male) |
| 31:53 | Create | Villager (Male) |
| 31:53 | Create | Villager (Male) |
| 31:54 | Create | Villager (Male) |
| 31:57 | Research | Fervor |
| 32:01 | Create | Warrior Priest |
| 32:16 | Build | Farm |
| 32:16 | Build | Farm |
| 32:16 | Build | Farm |
| 32:16 | Build | Farm |
| 32:16 | Build | Farm |
| 32:17 | Build | Farm |
| 32:17 | Build | Farm |
| 32:17 | Build | Farm |
| 32:17 | Build | Farm |
| 32:27 | Build | Castle |
| 33:01 | Create | Villager (Male) |
| 33:40 | Build | Siege Workshop |
| 33:49 | Create | Villager (Male) |
| 33:49 | Create | Villager (Male) |
| 33:49 | Create | Villager (Male) |
| 33:49 | Create | Villager (Male) |
| 34:39 | Create | Villager (Male) |
| 34:41 | Create | Villager (Male) |
Build order — dudy
First 150 of 222 actions detected
| 1:12 | Build | Town Center |
| 1:32 | Build | Dock |
| 1:35 | Build | House |
| 3:16 | Create | Villager (Male) |
| 3:16 | Create | Villager (Male) |
| 3:17 | Create | Villager (Male) |
| 3:17 | Create | Villager (Male) |
| 3:17 | Create | Villager (Male) |
| 4:16 | Create | Fishing Ship |
| 4:17 | Create | Fishing Ship |
| 4:56 | Build | House |
| 5:01 | Research | Loom |
| 5:02 | Create | Villager (Male) |
| 5:49 | Create | Fishing Ship |
| 5:59 | Build | House |
| 6:16 | Create | Villager (Male) |
| 6:20 | Create | Fishing Ship |
| 6:47 | Create | Villager (Male) |
| 7:14 | Create | Villager (Male) |
| 7:30 | Create | Fishing Ship |
| 7:36 | Create | Villager (Male) |
| 8:04 | Create | Villager (Male) |
| 8:05 | Create | Villager (Male) |
| 8:05 | Create | Villager (Male) |
| 8:14 | Build | House |
| 8:24 | Create | Fishing Ship |
| 8:25 | Create | Fishing Ship |
| 8:36 | Create | Villager (Male) |
| 9:06 | Create | Fishing Ship |
| 9:25 | Create | Villager (Male) |
| 9:35 | Build | House |
| 9:42 | Create | Villager (Male) |
| 9:53 | Create | Fishing Ship |
| 10:06 | Create | Villager (Male) |
| 10:24 | Create | Fishing Ship |
| 10:58 | Build | Mill |
| 11:02 | Create | Villager (Male) |
| 11:29 | Create | Fishing Ship |
| 11:33 | Create | Villager (Male) |
| 11:39 | Build | House |
| 11:44 | Build | House |
| 12:01 | Research | Feudal Age |
| 12:14 | Build | Lumber Camp |
| 12:17 | Create | Villager (Male) |
| 12:47 | Create | Fishing Ship |
| 13:07 | Build | House |
| 13:49 | Create | Fishing Ship |
| 14:10 | Build | Dock |
| 14:11 | Age | Feudal Age |
| 14:33 | Build | Market |
| 14:39 | Create | Villager (Male) |
| 14:56 | Create | Villager (Male) |
| 15:11 | Build | Blacksmith |
| 15:15 | Create | Villager (Male) |
| 15:45 | Create | Fishing Ship |
| 15:54 | Build | House |
| 16:34 | Research | Castle Age |
| 16:39 | Build | House |
| 16:57 | Create | Villager (Male) |
| 17:04 | Research | Double-Bit Axe |
| 17:13 | Research | Horse Collar |
| 17:16 | Create | Fishing Ship |
| 17:17 | Create | Fishing Ship |
| 18:08 | Build | Dock |
| 18:26 | Create | Villager (Male) |
| 18:49 | Build | Barracks |
| 19:14 | Age | Castle Age |
| 19:23 | Build | Town Center |
| 19:28 | Create | Villager (Male) |
| 19:36 | Build | House |
| 19:50 | Create | Fishing Ship |
| 19:54 | Create | Villager (Male) |
| 20:03 | Create | Spearman |
| 20:13 | Create | Villager (Male) |
| 20:27 | Create | Villager (Male) |
| 20:31 | Create | Villager (Male) |
| 20:41 | Create | Villager (Male) |
| 20:42 | Create | Villager (Male) |
| 20:45 | Build | Town Center |
| 20:51 | Create | Villager (Male) |
| 21:01 | Build | Lumber Camp |
| 21:18 | Build | Barracks |
| 21:25 | Build | Siege Workshop |
| 21:38 | Create | Villager (Male) |
| 21:46 | Create | Villager (Male) |
| 21:46 | Create | Villager (Male) |
| 21:47 | Create | Villager (Male) |
| 21:51 | Build | Stable |
| 21:54 | Create | Villager (Male) |
| 21:55 | Create | Villager (Male) |
| 22:03 | Create | Villager (Male) |
| 22:03 | Create | Villager (Male) |
| 22:07 | Build | House |
| 22:10 | Build | House |
| 22:19 | Create | Villager (Male) |
| 22:19 | Create | Villager (Male) |
| 22:20 | Create | Villager (Male) |
| 22:45 | Build | Watch Tower |
| 23:06 | Create | Villager (Male) |
| 23:22 | Create | Mangonel |
| 23:23 | Create | Villager (Male) |
| 23:24 | Create | Villager (Male) |
| 23:24 | Create | Villager (Male) |
| 23:24 | Create | Villager (Male) |
| 23:24 | Create | Villager (Male) |
| 23:41 | Create | Knight |
| 23:42 | Create | Villager (Male) |
| 23:43 | Create | Villager (Male) |
| 23:50 | Create | Unit 2626 |
| 23:51 | Create | Fire Galley |
| 23:52 | Create | Unit 2626 |
| 24:01 | Create | Villager (Male) |
| 24:42 | Create | Mangonel |
| 24:51 | Build | House |
| 24:57 | Create | Villager (Male) |
| 24:57 | Create | Villager (Male) |
| 24:58 | Create | Villager (Male) |
| 25:52 | Build | Siege Workshop |
| 25:53 | Create | Villager (Male) |
| 25:54 | Create | Villager (Male) |
| 25:54 | Create | Villager (Male) |
| 25:54 | Create | Villager (Male) |
| 25:55 | Create | Villager (Male) |
| 25:55 | Create | Villager (Male) |
| 25:59 | Build | Farm |
| 25:59 | Build | Farm |
| 26:00 | Build | Farm |
| 26:00 | Build | Farm |
| 26:00 | Build | Farm |
| 26:13 | Build | Siege Workshop |
| 26:14 | Create | Mangonel |
| 26:31 | Build | House |
| 26:33 | Build | House |
| 26:33 | Build | House |
| 26:33 | Build | House |
| 26:33 | Build | House |
| 26:34 | Build | House |
| 26:34 | Build | House |
| 26:34 | Build | House |
| 26:34 | Build | House |
| 26:37 | Build | House |
| 26:40 | Build | House |
| 26:40 | Build | House |
| 26:40 | Build | House |
| 26:45 | Create | Mangonel |
| 26:45 | Create | Mangonel |
| 26:45 | Create | Mangonel |
| 26:50 | Create | Villager (Male) |
| 26:51 | Create | Villager (Male) |
| 27:19 | Create | Knight |
Match timeline
| 0:41 | Felipe Javier · first_building Dock |
| 1:19 | [M] Nico · first_building Dock |
| 1:32 | dudy · first_building Dock |
| 2:13 | [M] Nico · wall_segment Palisade Wall x1 |
| 2:18 | [M] Nico · wall_segment Palisade Wall x1 |
| 7:44 | avnemintuk · wall_segment Palisade Wall x4 |
| 7:50 | avnemintuk · wall_segment Palisade Wall x12 |
| 12:01 | avnemintuk · first_building Dock |
| 12:35 | Felipe Javier · first_building Barracks |
| 13:39 | [M] Nico · age_up feudal |
| 14:11 | dudy · age_up feudal |
| 14:41 | Felipe Javier · age_up feudal |
| 15:07 | Felipe Javier · first_building Archery Range |
| 15:57 | dudy · first_market_sell 100 wood |
| 15:58 | dudy · first_market_buy 100 food |
| 16:15 | avnemintuk · first_building Barracks |
| 17:22 | avnemintuk · age_up feudal |
| 18:49 | dudy · first_building Barracks |
| 18:51 | Felipe Javier · wall_segment Palisade Wall x3 |
| 19:14 | dudy · age_up castle |
| 19:26 | Felipe Javier · age_up castle |
| 19:59 | Felipe Javier · wall_segment Palisade Wall x3 |
| 21:25 | dudy · first_building Siege Workshop |
| 21:48 | avnemintuk · first_building Archery Range |
| 21:51 | dudy · first_building Stable |
| 22:03 | Felipe Javier · first_building Siege Workshop |
| 23:47 | Felipe Javier · wall_segment Palisade Wall x3 |
| 24:22 | [M] Nico · age_up castle |
| 28:30 | avnemintuk · age_up castle |
| 29:45 | avnemintuk · first_building Monastery |
| 29:52 | Felipe Javier · first_building Monastery |
| 30:37 | [M] Nico · first_market_buy 100 stone |
| 30:57 | dudy · first_building Castle |
| 32:27 | avnemintuk · first_building Castle |
| 33:40 | avnemintuk · first_building Siege Workshop |
| 34:17 | [M] Nico · wall_segment Stone Wall x42 |
| 34:32 | [M] Nico · wall_segment Stone Wall x32 |
| 36:00 | Felipe Javier · first_building Castle |
| 37:30 | dudy · resign |
| 39:32 | Felipe Javier · first_market_buy 100 food |
| 43:57 | Felipe Javier · wall_segment Stone Wall x12 |
| 49:14 | Felipe Javier · age_up imperial |
| 49:45 | avnemintuk · age_up imperial |
[ AI ANALYSIS · 1 CREDIT ]
What really happened in this match?
Wolo.gg analyzes every decision: build order, eco, micro, common mistakes by bracket. Personalized analysis on WhatsApp or Discord in 30 seconds.
Civ guide
Bohemians
Map guide
Nomad
Perfil
Jugador #1826421